 Dungeon Crawl Stone Soup version 0.16-a0-2581-g6f3a107 (webtiles) character file.

99927 Ratboiler the Severer (level 15, -1/113 HPs)
             Began as a Vampire Fighter on Nov 21, 2014.
             Was a High Priest of Okawaru.
             Slain by a harpy (6 damage)
             ... summoned by Kirke
             ... on level 5 of the Snake Pit.
             The game lasted 01:42:31 (35891 turns).

Ratboiler the Severer (Vampire Fighter)            Turns: 35891, Time: 01:42:31

Health: -1/113     AC:  0    Str: 15    XL:     15   Next: 79%
Magic:  15/15      EV: 24    Int: 10    God:    Okawaru [*****.]
Gold:   1989       SH:  0    Dex: 18    Spells: 0 memorised, 14 levels left

rFire  . . .     SeeInvis +     a - melded +7 war axe (distort)
rCold  . . .     Clarity  .     D - melded +5 chain mail {rPois}
rNeg   . . .     SustAb   .     c - melded +0 shield
rPois  .         Gourm    .     x - melded +0 helmet
rElec  .         Spirit   .     j - melded +2 cloak
rCorr  .         Warding  .     N - melded +0 pair of gloves {Dex+3} (curse)
rMut   .         Stasis   .     p - melded +0 pair of boots
MR     +....                    R - amulet of faith
Stlth  +.........               h - melded ring "Gaux Asa" {AC+3 Str+5 Int+3 Curse}
                                U - melded +4 ring of evasion

@: exhausted, pig-form, manticore barbs, regenerating quickly, slowed, glowing,
somewhat resistant to hostile enchantments, very unstealthy
A: bottle blood, (fangs 0), rugged brown scales 1, see invisible, (unbreathing)
a: Heroism, Finesse, Renounce Religion


You were on level 5 of the Snake Pit.
You worshipped Okawaru.
Okawaru was extremely pleased with you.
You were full.
You were a filthy swine.
You visited 5 branches of the dungeon, and saw 29 of its levels.
You also visited: Labyrinth and Ossuary.

You collected 2926 gold pieces.
You spent 937 gold pieces at shops.

Inventory:

Hand weapons
 a - a +7 war axe of distortion (melded)
 b - a +0 blowgun
 e - the +5 hand axe of Okehegon {flame, rC++ MR+}
   (Okawaru gifted it to you on level 3 of the Snake Pit)

   It emits flame when wielded, causing extra injury to most foes and up to
   double damage against particularly susceptible opponents.
   Big, fiery blades are also staple armaments of hydra-hunters.
   It greatly protects you from cold.
   It affects your resistance to hostile enchantments.
 m - a +2 battleaxe of freezing
 q - a +3 war axe
 G - a +2 vampiric executioner's axe
 V - a +1 broad axe
Missiles
 t - 35 poisoned needles
 u - 7 javelins
 v - 11 tomahawks (quivered)
 z - 5 poisoned tomahawks
 F - a throwing net
 H - 7 tomahawks of returning
 T - 7 silver javelins
 Z - 8 curare-tipped needles
Armour
 c - a +0 shield (melded)
 j - a +2 cloak (melded)
 p - a +0 pair of boots (melded)
 x - a +0 helmet (melded)
 D - a +5 chain mail of poison resistance (melded)
 N - a cursed +0 pair of gloves of dexterity (melded)
Jewellery
 f - a cursed amulet of inaccuracy {unknown}
 g - an uncursed amulet of resist corrosion {unknown}
 h - the ring "Gaux Asa" (melded) {AC+3 Str+5 Int+3 Curse}
   (You found it on level 6 of the Lair of Beasts)

   [ring of protection]

   It affects your AC (+3).
   It affects your strength (+5).
   It affects your intelligence (+3).
   It may recurse itself when equipped.
 i - an uncursed ring of protection from magic
 n - an uncursed ring of magical power
 R - an amulet of faith (around neck)
 U - a +4 ring of evasion (melded)
 W - an uncursed ring of fire
Magical devices
 w - a wand of lightning (6)
 B - a wand of digging (2)
 Q - a wand of digging (14)
 X - a wand of random effects (0)
Scrolls
 d - a scroll of blinking
 k - a scroll of teleportation
 l - a scroll of summoning {unknown}
 r - a scroll of recharging
 y - 4 scrolls of fear
 A - 5 scrolls of immolation
 E - 2 scrolls of remove curse
 I - 3 scrolls of fog
 J - 4 scrolls of amnesia
 P - a scroll of vulnerability
Potions
 o - 4 potions of magic
 s - 2 potions of brilliance
 C - 2 potions of cure mutation {unknown}
 K - 2 potions of mutation {unknown}
 L - 2 potions of invisibility {unknown}
 O - 3 potions of restore abilities


   Skills:
 + Level 7.8 Fighting
 - Level 19.0 Axes
 + Level 7.9 Armour
 + Level 10.9 Dodging
 - Level 10.0 Shields


You had 14 spell levels left.
You didn't know any spells.

Dungeon Overview and Level Annotations

Branches:
Dungeon (13/15)            Temple (1/1) D:6            Lair (6/8) D:9
 Shoals (0/5) Lair:6        Snake (5/5) Lair:3        Slime (0/6) Lair:6
    Orc (4/4) D:10            Elf (0/3) Orc:4           Lab (0/1)
Ossuary (0/1)
 Vaults: D:13-14

Altars:
Ashenzari
Cheibriados
Dithmenos
Fedhas
Gozag
Kikubaaqudgha
Makhleb
Nemelex Xobeh
Okawaru
Qazlal
Ru
Sif Muna
Trog
Vehumet
Xom
Yredelemnul
Zin

Shops:
D:4 [   D:10 (   Orc:1 [(   Orc:4 (%**

Portals:
Trove: D:10 (give +3 storm dragon armour)

Annotations:
Snake:5 Kirke


Innate Abilities, Weirdness & Mutations

Your natural rate of healing is unusually fast.
You can bottle blood from corpses.
((You have razor-sharp teeth.))
You have supernaturally acute eyesight.
((You can survive without breathing.))
(You are partially covered in rugged brown scales (AC +1, +3% HP).)


Message History

* * * LOW HITPOINT WARNING * * *
The manticore claws you!
* * * LOW HITPOINT WARNING * * *
The manticore closely misses you.
You barely miss Kirke.
Kirke is heavily wounded.
The sphinx disappears!
The sphinx reappears nearby!
The hog completely misses you.
The naga sharpshooter mumbles some strange words.
The naga sharpshooter magically shoots an arrow.
The arrow closely misses you.
Kirke gestures wildly while chanting.
Kirke summons some harpies!
The manticore completely misses you. The manticore claws you!
* * * LOW HITPOINT WARNING * * *
The manticore closely misses you. The hog completely misses you.
You hit Kirke.
Kirke is heavily wounded.
The harpy claws you.
You die...

···▒▒···▒▒ ▒· ··▒▒··············
▒··(▒▒·?·▒▒▒···▒▒▒········▒····▒·
▒▒(((▒▒···▒···▒▒▒········▒▒····▒·
▒▒·§(▒·$······▒········▒▒····▒▒·
·▒▒·@·N···············▒▒·!··▒▒▒▒
···▒▒hhh··············▒▒···▒▒▒
······h···················▒▒
·····N·······N·H(h·······▒▒
·············H··h§······▒▒
···············@H<·····▒▒
·············H········▒▒
▒···!§···············▒▒
▒▒····▒·········[···▒▒
▒▒···▒▒·····▒·····▒▒
▒▒···▒▒···▒▒···▒▒▒
▒▒···▒▒·▒▒···▒▒ ▒▒···▒▒▒···▒▒


You could see Kirke, a sphinx, a naga sharpshooter, a manticore, 2 harpies and a
hog.

Vanquished Creatures
  A sphinx (Snake:5)
  Aizul (Snake:3)
  A minotaur (Lab)
  A hydra (Lair:2)
  7 naga warriors
  An ogre mage (D:13)
  11 anacondas
  A death yak (Lair:6)
  Urug (D:10)
  6 orc high priests
  8 naga sharpshooters
  2 shock serpents (Snake:2)
  A catoblepas (D:13)
  4 skeletal warriors
  5 naga ritualists
  A salamander mystic (Snake:5)
  3 sea snakes (Snake:1)
  5 orc knights (Orc:4)
  2 ugly things (D:11)
  A hill giant (D:11)
  7 salamanders
  9 mana vipers
  An orc sorcerer (Orc:4)
  6 elephants
  2 cyclopes (D:12)
  Joseph (D:11)
  3 guardian serpents
  10 naga magi
  29 black mambas
  A kobold demonologist (D:13)
  2 komodo dragons
  A fire drake (Lair:5)
  7 spiny frogs
  4 trolls
  A polar bear (Lair:5)
  6 two-headed ogres
  Grinder (D:6)
  7 blink frogs
  3 slime creatures (D:12)
  A blue devil (D:13)
  A basilisk (Lair:5)
  5 hogs
  A trapdoor spider (shapeshifter) (D:12)
  26 yaks
  Eustachio (D:7)
  2 steam dragons
  A human (D:10)
  4 wargs
  A hungry ghost (D:10)
  2 hippogriffs
  41 nagas
  Menkaure (Temple)
  21 wolves
  31 water moccasins
  30 orc warriors
  8 spiders (Snake:1)
  7 porcupines
  A sky beast (D:9)
  A black bear (Lair:6)
  2 phantoms
  9 centaurs
  2 ice beasts (D:7)
  A boring beetle (Lair:6)
  Duvessa (D:6)
  A big kobold (D:9)
  10 ogres
  3 crocodiles
  15 giant frogs
  An elf skeleton (D:8)
  A water moccasin zombie (D:10)
  4 scorpions
  25 killer bees
  4 wights (D:9)
  2 crimson imps
  Dowan (D:6)
  A goliath beetle (D:6)
  3 centaur zombies
  An electric eel (Lair:4)
  9 hounds
  5 jellies
  3 quasits
  A human zombie (D:8)
  42 orc priests
  8 iguanas
  2 giant frog skeletons
  A centaur skeleton (D:5)
  4 worker ants
  3 orange rats (Lair:5)
  28 orc wizards
  2 human skeletons (D:8)
  7 sheep
  Ijyb (D:6)
  2 hound zombies
  8 mummies
  2 worker ant zombies
  17 adders
  53 river rats
  4 shadow imps
  2 giant mites
  A worm (D:3)
  An ufetubus (D:13)
  8 oozes
  190 orcs
  4 ball pythons
  17 bats
  A bat zombie (D:8)
  4 giant cockroaches
  A gnoll zombie (Ossuary)
  18 hobgoblins
  14 jackals
  13 quokkas
  8 giant geckos
  A giant gecko skeleton (D:6)
  14 giant newts
  24 goblins
  A goblin zombie (Ossuary)
  2 hobgoblin zombies (Ossuary)
  2 jackal skeletons (D:6)
  18 kobolds
  2 orc skeletons (D:8)
  2 orc zombies (Ossuary)
  A quokka skeleton (D:5)
  13 rats
  6 fungi (D:9)
  2 plants
1009 creatures vanquished.

Vanquished Creatures (others)
  A greater naga (Snake:4)
  A hydra (D:12)
  A naga sharpshooter (Snake:3)
  A mana viper (Snake:5)
  4 black mambas
  A deep elf mage (D:11)
  A naga (Snake:4)
  An orange rat (Lair:5)
  2 fungi
  5 plants
18 creatures vanquished.

Grand Total: 1027 creatures vanquished

Notes
Turn   | Place    | Note
--------------------------------------------------------------
     0 | D:1      | Ratboiler, the Vampire Fighter, began the quest for the Orb.
     0 | D:1      | Reached XP level 1. HP: 17/17 MP: 1/1
   179 | D:1      | Reached XP level 2. HP: 21/23 MP: 2/2
   490 | D:1      | Reached skill level 3 in Axes
   678 | D:1      | Reached XP level 3. HP: 26/28 MP: 3/3
  1217 | D:2      | Found a basalt altar of Yredelemnul.
  1248 | D:2      | Found a shattered altar of Ashenzari.
  1663 | D:3      | Reached skill level 4 in Axes
  1663 | D:3      | Reached XP level 4. HP: 24/34 MP: 4/4
  1988 | D:3      | Found a bloodstained altar of Trog.
  2842 | D:4      | Found Biuzo's Armour Shop.
  2893 | D:4      | Found an iron altar of Okawaru.
  2893 | D:4      | Found a sparkling altar of Nemelex Xobeh.
  2896 | D:4      | Became a worshipper of Warmaster Okawaru
  3021 | D:4      | Reached XP level 5. HP: 39/39 MP: 5/5
  3153 | D:4      | Reached skill level 5 in Axes
  3263 | D:5      | Entered Level 5 of the Dungeon
  3563 | D:5      | Found a blossoming altar of Fedhas.
  3718 | D:5      | Reached XP level 6. HP: 46/46 MP: 6/6
  3854 | D:6      | Noticed Dowan
  3855 | D:6      | Noticed Duvessa
  3864 | D:6      | Noticed Menkaure
  3867 | D:6      | Noticed Grinder
  3931 | D:6      | Reached skill level 6 in Axes
  4089 | D:6      | Found a staircase to the Ecumenical Temple.
  4097 | Temple   | Entered the Ecumenical Temple
  4490 | Temple   | Killed Menkaure
  4490 | Temple   | Acquired Okawaru's first power
  4490 | Temple   | Reached skill level 7 in Axes
  4490 | Temple   | Reached XP level 7. HP: 25/51 MP: 7/7
  4802 | D:6      | Killed Grinder
  4802 | D:6      | Reached skill level 8 in Axes
  4809 | D:6      | Killed Duvessa
  4817 | D:6      | Killed Dowan
  4817 | D:6      | Reached XP level 8. HP: 40/57 MP: 8/8
  5200 | D:4      | Reached skill level 9 in Axes
  5206 | D:4      | Bought a +4 chain mail of poison resistance for 313 gold pieces
  5455 | D:7      | Noticed Ijyb
  5484 | D:6      | Killed Ijyb
  5770 | D:7      | Found a stormy altar of Qazlal.
  5810 | D:7      | Found a snail-covered altar of Cheibriados.
  5817 | D:7      | Found a burning altar of Makhleb.
  5817 | D:7      | Noticed Eustachio
  5818 | D:7      | Found an opulent altar of Gozag.
  5834 | D:7      | Reached skill level 10 in Axes
  5840 | D:7      | Killed Eustachio
  6162 | D:7      | Found a sacrificial altar of Ru.
  6293 | D:8      | Found a sand-covered staircase.
  6305 | Ossuary  | Entered an ossuary
  6404 | Ossuary  | Reached XP level 9. HP: 62/62 MP: 9/9
  6795 | D:8      | Reached skill level 11 in Axes
  6872 | D:8      | Found a shimmering altar of Xom.
  6873 | D:8      | Found a shimmering altar of Xom.
  6874 | D:8      | Found a shimmering altar of Xom.
  6874 | D:8      | Found a shimmering altar of Xom.
  7242 | D:8      | Found a shimmering altar of Xom.
  7961 | D:9      | Reached skill level 12 in Axes
  8082 | D:9      | Found a deep blue altar of Sif Muna.
  8110 | D:9      | Found a staircase to the Lair.
  8241 | D:9      | Reached skill level 1 in Dodging
  8586 | D:10     | Entered Level 10 of the Dungeon
  8598 | D:10     | Found a staircase to the Orcish Mines.
  8625 | D:10     | Noticed a centaur zombie
  8637 | D:10     | Killed a centaur zombie
  8637 | D:10     | Reached XP level 10. HP: 65/68 MP: 10/10
  8745 | D:10     | Found a portal to a secret trove of treasure.
  8746 | D:10     | Noticed Urug
  8795 | D:10     | Killed Urug
  9106 | D:10     | Reached skill level 5 in Shields
  9155 | D:10     | Noticed a hill giant
  9304 | Lair:1   | Entered Level 1 of the Lair of Beasts
  9483 | Lair:1   | Reached skill level 5 in Dodging
  9648 | Lair:1   | HP: 1/68 [komodo dragon (22)]
  9854 | Lair:1   | Noticed a four-headed hydra
  9885 | Lair:1   | Acquired Okawaru's second power
  9885 | Lair:1   | Reached skill level 5 in Armour
 10642 | Lair:2   | Found a labyrinth entrance.
 10652 | Lab      | Entered a labyrinth
 11182 | Lab      | Noticed a minotaur
 11192 | Lab      | Killed a minotaur
 11192 | Lab      | Reached XP level 11. HP: 64/74 MP: 8/11
 11227 | Lair:2   | Noticed an elephant
 11230 | Lair:2   | Noticed an elephant
 11231 | Lair:2   | Noticed an elephant
 11233 | Lair:2   | Noticed an elephant
 11236 | Lair:2   | Noticed an elephant
 11264 | Lair:2   | Killed an elephant
 11269 | Lair:2   | Killed an elephant
 11277 | Lair:2   | Killed an elephant
 11284 | Lair:2   | Killed an elephant
 11303 | Lair:2   | Killed an elephant
 11622 | Lair:2   | Noticed a seven-headed hydra
 11627 | Lair:2   | Killed a seven-headed hydra
 12714 | Lair:3   | Noticed a five-headed hydra
 13045 | Lair:4   | Noticed a five-headed hydra
 13604 | Lair:3   | Received a gift from Okawaru
 13922 | Lair:3   | Found a staircase to the Snake Pit.
 14395 | Lair:5   | Reached XP level 12. HP: 58/84 MP: 12/12
 14486 | Lair:5   | Noticed an eight-headed hydra
 14889 | Lair:5   | Reached skill level 5 in Fighting
 15794 | Lair:6   | Found a staircase to the Slime Pits.
 16015 | Lair:6   | Noticed a seven-headed hydra
 16066 | Lair:6   | Reached skill level 10 in Dodging
 16204 | Lair:6   | Got a fine steel ring
 16453 | Lair:6   | Found a staircase to the Shoals.
 16453 | Lair:6   | Noticed a four-headed hydra
 17088 | D:10     | Found Skassi's Antique Weapon Shop.
 17545 | Orc:1    | Entered Level 1 of the Orcish Mines
 18143 | Orc:1    | Found Idamau's Weapon Shop.
 18250 | Orc:1    | Found Byan's Armour Boutique.
 19309 | Orc:4    | Entered Level 4 of the Orcish Mines
 19404 | Orc:4    | Found a staircase to the Elven Halls.
 19844 | Orc:3    | Found a bloodstained altar of Trog.
 20710 | Orc:4    | Reached XP level 13. HP: 49/96 MP: 11/13
 20881 | Orc:4    | Reached skill level 13 in Axes
 20979 | Orc:4    | Received a gift from Okawaru
 20992 | Orc:4    | Got a fine ring mail {god gift}
 21810 | Orc:4    | Reached skill level 10 in Shields
 22598 | Orc:4    | Found Wauluol's General Store.
 22598 | Orc:4    | Found Rejienotei's Antique Weapon Shop.
 22612 | Orc:4    | Found Civav's Assorted Antiques.
 22613 | Orc:4    | Found Schocs' Food Shop.
 22919 | Orc:4    | Bought a curved bone wand for 116 gold pieces
 22919 | Orc:4    | Bought a viscous inky potion for 26 gold pieces
 22919 | Orc:4    | Bought a scroll labeled NUWEBA CHEDDUTANY for 29 gold pieces
 22919 | Orc:4    | Bought a scroll of remove curse for 87 gold pieces
 22919 | Orc:4    | Bought a polished scale mail for 261 gold pieces
 22931 | Orc:4    | Bought a scroll of identify for 30 gold pieces
 22931 | Orc:4    | Bought a potion of heal wounds for 75 gold pieces
 23065 | Orc:1    | Identified the +0 ring mail of Immorality {Str+2 Dex+2} (Okawaru gifted it to you on level 4 of the Orcish Mines)
 23076 | Orc:1    | Identified the cursed -5 scale mail of the Ecumenical Temple {rPois Dex+3} (You bought it in a shop on level 4 of the Orcish Mines)
 23078 | Orc:1    | Identified the ring "Gaux Asa" {AC+3 Str+5 Int+3 Curse} (You found it on level 6 of the Lair of Beasts)
 23101 | Orc:1    | Gained mutation: You are partially covered in rugged brown scales (AC +1, +3% HP). [potion of beneficial mutation]
 23191 | D:11     | Noticed Joseph
 23210 | D:11     | Killed Joseph
 23210 | D:11     | Reached skill level 14 in Axes
 24982 | D:12     | Reached skill level 15 in Axes
 25124 | D:12     | Received a gift from Okawaru
 25705 | D:13     | Reached XP level 14. HP: 80/106 MP: 14/14
 26161 | Lair:2   | Received a gift from Okawaru
 26237 | Snake:1  | Entered Level 1 of the Snake Pit
 26590 | Snake:1  | Reached skill level 16 in Axes
 28214 | Snake:2  | Received a gift from Okawaru
 28239 | Snake:2  | Reached skill level 17 in Axes
 28394 | Snake:2  | HP: 3/106 [shock serpent (10)]
 28404 | Snake:2  | HP: 5/106 [shock serpent/bolt of electricity (10)]
 28409 | Snake:2  | HP: 7/159 [shock serpent (3)]
 28410 | Snake:2  | HP: 2/159 [something (5)]
 30215 | Snake:3  | Received a gift from Okawaru
 30218 | Snake:3  | Got a warped hand axe {god gift}
 30219 | Snake:3  | Identified the +5 hand axe of Okehegon {flame, rC++ MR+} (Okawaru gifted it to you on level 3 of the Snake Pit)
 30839 | Snake:3  | Reached skill level 18 in Axes
 30842 | Snake:3  | Reached XP level 15. HP: 48/111 MP: 7/15
 31774 | Snake:3  | HP: 3/111 [naga sharpshooter/n arrow of dispersal (12)]
 32153 | Snake:3  | Received a gift from Okawaru
 32163 | Snake:3  | Noticed Aizul
 32186 | Snake:3  | Killed Aizul
 32241 | Snake:3  | Received a gift from Okawaru
 33497 | Snake:4  | HP: 5/111 [salamander/spear (11)]
 33498 | Snake:4  | Reached skill level 19 in Axes
 34387 | Snake:4  | Received a gift from Okawaru
 35065 | Snake:5  | Entered Level 5 of the Snake Pit
 35332 | Snake:5  | Found a glowing silver altar of Zin.
 35543 | Snake:5  | Noticed Kirke
 35877 | Snake:5  | Noticed a sphinx
 35880 | Snake:5  | Noticed a sphinx
 35880 | Snake:5  | Killed a sphinx
 35890 | Snake:5  | HP: 4/113 [manticore[Kirke] (10)]
 35891 | Snake:5  | Slain by a harpy

Action                   |  1- 3 |  4- 6 |  7- 9 | 10-12 | 13-15 || total
-------------------------+-------+-------+-------+-------+-------++-------
Melee: War axe           |   165 |     8 |       |       |   715 ||   888
       Broad axe         |       |   243 |   640 |  1674 |  1169 ||  3726
       Hand axe          |       |       |       |       |   139 ||   139
       Unarmed           |       |       |       |       |    12 ||    12
 Fire: Blowgun           |       |       |       |    28 |    29 ||    57
Throw: Tomahawk          |       |       |     5 |       |       ||     5
Invok: Heroism           |       |       |     1 |    19 |    16 ||    36
Evoke: Wand              |       |       |     2 |    28 |    12 ||    42
       Phantom mirror    |       |       |       |       |     1 ||     1
  Use: Potion            |    12 |    20 |    24 |    75 |    61 ||   192
       Scroll            |     4 |     7 |     5 |    23 |    12 ||    51
 Stab: Distracted        |       |       |       |     2 |     1 ||     3
  Eat: Corpse            |     1 |       |       |       |    32 ||    33
